 Dungeon Crawl Stone Soup version 0.22-a0-803-gd6d8abe (webtiles) character file.

136 KristoblXynda the Cudgeler (level 5, -6/45 HPs)
             Began as a Naga Gladiator on July 22, 2018.
             Killed from afar by an orc wizard (8 damage)
             ... with a puff of flame
             ... on level 3 of the Dungeon.
             The game lasted 00:04:29 (2085 turns).

KristoblXynda the Cudgeler (Naga Gladiator)         Turns: 2085, Time: 00:04:30

Health: -6/45      AC:  5    Str: 14 (16) XL:     5   Next: 19%
Magic:  5/5        EV: 15    Int:  9 (10) God:
Gold:   145        SH:  0    Dex: 16 (17) Spells: 4/4 levels left

rFire    . . .     SeeInvis +   a - +0 flail
rCold    . . .     Gourm    .   (no shield)
rNeg     . . .     Faith    .   h - +0 ring mail
rPois    +         Spirit   .   c - +0 helmet
rElec    .         Reflect  .   (no cloak)
rCorr    .         Harm     .   (no gloves)
MR       +....                  (no barding)
Stlth    +++.......             (no amulet)
HPRegen  0.15/turn              o - ring of protection from magic
MPRegen  0.09/turn              (no ring)

@: agile, short of breath, very slow
A: large, see invisible, deformed body, poison resistance, slowness 2, slow
metabolism 1, spit poison 1, AC +1
a: Spit Poison


You were on level 3 of the Dungeon.
You were hungry.

You visited 1 branch of the dungeon, and saw 3 of its levels.

You collected 145 gold pieces.

Inventory:

Hand Weapons
 a - a +0 flail (weapon)
Missiles
 d - 3 throwing nets (quivered)
Armour
 c - a +0 helmet (worn)
 h - a +0 ring mail (worn)
Jewellery
 o - a ring of protection from magic (left hand)
Scrolls
 i - a scroll of amnesia {unknown}
 j - a scroll of random uselessness {unknown}
 k - 2 scrolls of magic mapping {unknown}
 m - a scroll of blinking {unknown}
 p - a scroll of remove curse {unknown}
Potions
 g - 2 potions of brilliance
 l - 4 potions of lignification
 s - a potion of curing {unknown}
 t - a potion of flight
Comestibles
 f - 8 rations


   Skills:
 - Level 2.0 Fighting
 * Level 4.6 Maces & Flails
 - Level 2.0 Throwing
 + Level 3.1 Dodging
 + Level 2.7 Stealth


You had 4 spell levels left.
You didn't know any spells.
Your spell library was empty.

Dungeon Overview and Level Annotations

Branches:
Dungeon (3/15)

Altars:
Trog

Annotations:
D:3 2 transporters


Innate Abilities, Weirdness & Mutations

You cannot wear boots.
Your serpentine skin is tough. (AC +1)
You have supernaturally acute eyesight. (SInv)
Armour fits poorly on your strangely shaped body.
Your system is resistant to poisons. (rPois)
You cover ground very slowly.
You have a slow metabolism.
You can spit poison.


Message History

The orc hits you from afar with a trident!
* * * LOW HITPOINT WARNING * * *
The orc wizard misses you.
Press: ? - help, Shift-Dir - straight line, f - orc, p - orc wizard
Aim: an orc, wielding a trident and wearing a chain mail The splash of poison hits the orc wizard.
The orc wizard is poisoned.
The orc wizard is severely wounded.
You feel slightly more hungry. The orc barely misses you.
The orc wizard hits you with a dagger.
* * * LOW HITPOINT WARNING * * *
Unknown command.
It was a potion of degeneration.
There was something very wrong with that liquid.
You feel weakened.
You feel dopey.
You feel clumsy. The orc closely misses you. The orc wizard misses you.
It was a potion of magic.
Magic courses through your body. The orc misses you.
The orc wizard gestures at you while chanting.
The puff of flame hits you!
You die...

.. K..##.#..####### # ...
♣...##.#........###
...#####....##+#...........
....o.......#...........###
#...........#..............
#.........##...........###
#...(..##...##########
####'###..### #ooo@(##
#######


You could see an orc wizard (invisible) and 2 orcs.

Vanquished Creatures
  An orc wizard (D:3)
  4 adders
  3 oozes
  2 worms (D:2)
  2 dart slugs
  A leopard gecko (D:2)
  An orc (D:3)
  A ball python (D:1)
  6 bats
  A giant cockroach (D:3)
  3 goblins
  4 hobgoblins (D:2)
  2 jackals (D:3)
  A quokka (D:3)
  5 frilled lizards
  7 kobolds
  A leopard gecko zombie (D:2)
  10 rats
55 creatures vanquished.

Notes
Turn   | Place    | Note
-------+----------+-------------------------------------------
     0 | D:1      | KristoblXynda the Naga Gladiator began the quest for the Orb.
     0 | D:1      | Reached XP level 1. HP: 19/19 MP: 1/1
   128 | D:1      | Reached XP level 2. HP: 22/26 MP: 2/2
   513 | D:1      | Reached XP level 3. HP: 31/32 MP: 3/3
   780 | D:2      | Reached skill level 1 in Stealth
  1166 | D:2      | Reached skill level 4 in Maces & Flails
  1311 | D:2      | Reached XP level 4. HP: 35/39 MP: 4/4
  1451 | D:2      | Found a bloodstained altar of Trog.
  1605 | D:3      | Found a transporter.
  1632 | D:3      | Found a transporter.
  2070 | D:3      | Reached XP level 5. HP: 23/45 MP: 5/5
  2083 | D:3      | HP: 2/45 [orc wizard/dagger (2)]
  2085 | D:3      | Killed from afar by an orc wizard

Vault maps used:
D:1:      minmay_arrival_four_houses, interstate_on_off
D:2:      nicolae_overflow_hidden_temple, first_ration
D:3:      gammafunk_wand_slinger, grunt_temple_overflow_open, kennysheep_potato,
          uniq_ijyb

Skill      XL: |  1  2  3  4 |
---------------+-------------+-----
Throwing       | 2 |  2.0
Stealth        | 1 2 |  2.7
Maces & Flails | 4 |  4.6
Dodging        | 3 |  3.1
Fighting       | |  2.0

Action                   |  1- 3 |  4- 6 || total
-------------------------+-------+-------++-------
Melee: Flail             |   114 |    79 ||   193
 Abil: Spit Poison       |     9 |     2 ||    11
  Use: Scroll            |       |     3 ||     3
       Potion            |       |     3 ||     3
  Eat: Chunk             |     1 |     2 ||     3
Armor: Leather armour    |    36 |       ||    36
       Ring mail         |    25 |    27 ||    52
Dodge: Dodged            |    83 |    45 ||   128

Table legend:
 A = Spawn XP
 B = Non-spawn XP
 C = Spawn XP percentage of total XP
 D = Spawn monster count
 E = Non-spawn monster count
 F = Spawn count percentage of total count
 G = Total turns spent on level
                    A         B        C        D         E        F      G
               +---------+---------+-------+---------+---------+-------+---------
         Total |       0 |     195 |   0.0 |       0 |      55 |   0.0 |  2085
               +---------+---------+-------+---------+---------+-------+---------
           D:1 |       0 |      43 |   0.0 |       0 |      22 |   0.0 |   775
           D:2 |       0 |      58 |   0.0 |       0 |      20 |   0.0 |   828
           D:3 |       0 |      94 |   0.0 |       0 |      13 |   0.0 |   482
               +---------+---------+-------+---------+---------+-------+---------
